 Dungeon Crawl Stone Soup version 0.30-a0-509-gd016549fea (webtiles) character file.

Game seed: 4973551220229811207

98 Jase the Ruffian (level 4, -2/35 HPs)
             Began as a Draconian Transmuter on Dec 22, 2022.
             Slain by Grinder (5 damage)
             ... on level 4 of the Dungeon.
             The game lasted 00:05:35 (2673 turns).

Jase the Ruffian (Draconian Transmuter)             Turns: 2673, Time: 00:05:35

Health: -2/35      AC:  5    Str: 12    XL:     4   Next: 43%
Magic:  7/7        EV: 12    Int: 16    God:
Gold:   177        SH:  0    Dex: 11    Spells: 1/7 levels left

rFire   . . .      SeeInvis .      - Unarmed
rCold   . . .      Faith    .    (no shield)
rNeg    . . .      Spirit   .    (body armour unavailable)
rPois   .          Reflect  .    (helmet currently unavailable)
rElec   .          Harm     .    (no cloak)
rCorr   .          Rampage  .    (no gloves)
Will    .....                    (boots currently unavailable)
Stlth   +.........               t - amulet of the acrobat
HPRegen 0.25/turn                (no ring)
MPRegen 0.10/turn                (no ring)

@: appendages (expiring)
A: horns 2, talons 2, AC +5, unfitting armour, cold-blooded
a: End Transformation


You were on level 4 of the Dungeon.
You had temporarily grown beastly horns and talons.
You visited 1 branch of the dungeon, and saw 4 of its levels.

You collected 177 gold pieces.

Inventory:

Hand Weapons
 i - a +2 dagger of holy wrath
Missiles
 g - 5 poisoned darts
 l - 29 stones
 p - 5 curare-tipped darts
Armour
 h - a +0 pair of gloves
Jewellery
 t - an amulet of the acrobat (around neck)
Scrolls
 b - 4 scrolls of teleportation {unknown}
 e - 6 scrolls of identify {unknown}
 j - a scroll of vulnerability {unknown}
 k - a scroll of enchant armour {unknown}
 n - 2 scrolls of blinking {unknown}
 o - a scroll of fog {unknown}
 q - 2 scrolls of noise {unknown}
 r - a scroll of amnesia {unknown}
 s - a scroll of torment {unknown}
Potions
 a - a potion of lignification
 c - 3 potions of curing {unknown}
 d - 2 potions of haste {unknown}
 f - 3 potions of heal wounds {unknown}
 m - a potion of magic {unknown}
 u - a potion of ambrosia {unknown}
 v - a potion of degeneration {unknown}


   Skills:
 - Level 1.1 Fighting
 + Level 2.7 Dodging
 + Level 3.8 Unarmed Combat
 - Level 2.0 Spellcasting
 + Level 3.0 Transmutations
 + Level 0.8 Poison Magic


You had one spell level left.
You knew the following spells:

 Your Spells              Type           Power      Damage    Failure   Level
a - Beastly Appendage     Tmut           22%        N/A       6%          1
b - Wereblood             Tmut           11%        N/A       9%          2
c - Spider Form           Tmut/Pois      7%         N/A       28%         3

Your spell library contained the following spells:

 Spells                   Type           Power      Damage    Failure   Level
 Magic Dart               Conj           4%         1d3       21%         1
 Necrotise                Necr           4%         1d4       21%         1
 Call Imp                 Summ           1%         N/A       30%         2
 Mephitic Cloud           Conj/Pois/Air  2%         N/A       50%         3
 Ozocubu's Armour         Ice            1%         N/A       52%         3
 Vampiric Draining        Necr           1%         2d6       52%         3
 Ice Form                 Ice/Tmut       6%         N/A       73%         4
 Agony                    Necr           1%         N/A       99%         5
 Metabolic Englaciation   Hex/Ice        0%         N/A       99%         5
 Simulacrum               Ice/Necr       0%         N/A       100%        6


Dungeon Overview and Level Annotations

Branches:
Dungeon (4/15)
 Temple: D:4-7

Altars:
Uskayaw
Zin

Shops:
D:1 =**

Annotations:
D:4 Grinder


Innate Abilities, Weirdness & Mutations

You have temporarily grown beastly horns and talons.
Your plain brown scales are hard. (AC +5)
You cannot fit into any form of body armour.
You are cold-blooded and may be slowed by cold attacks.


Message History

Casting: Wereblood (safe; 9% risk of failure)
Confirm with . or Enter, or press ? or * to list all spells.
You grow a pair of large bovine horns.
Your feet morph into talons.
You closely miss Grinder. You claw Grinder, but do no damage.
Your headbutt misses Grinder.
Grinder says, "Tell me all your secrets, or I'll kill you."
Grinder blinks!
Your transformation is almost over.
You closely miss Grinder. Grinder closely misses you.
You hit Grinder but do no damage. You claw Grinder.
Grinder is lightly wounded.
Grinder says, "You look like you could use a good racking."
Grinder gestures at you. Pain shoots through your body!
You hit Grinder.
Grinder is moderately wounded.
Grinder hits you.
You barely miss Grinder.
Grinder is moderately wounded.
Grinder misses you.
You barely miss Grinder. You claw Grinder. You tail-slap Grinder.
You punch Grinder.
Grinder is moderately wounded.
Grinder gestures at you. Pain shoots through your body!
You hit Grinder but do no damage. Your kick misses Grinder.
You headbutt Grinder! Your punch misses Grinder.
Grinder is heavily wounded.
Grinder says, "Don't move a muscle."
Grinder hits you.
* * * LOW HITPOINT WARNING * * *
You writhe in agony.
* * * LOW HITPOINT WARNING * * *
You hit Grinder but do no damage. You claw Grinder.
You headbutt Grinder, but do no damage.
Your tail-slap misses Grinder.
Grinder is heavily wounded.
Grinder hits you.
* * * LOW HITPOINT WARNING * * *
You writhe in agony.
You die...

..# ..# ..# ###
#.###.# #$#
##########...#.# #.#
..........#.#.# #.#
...#..#####.#.#.# #.#
........5...#.#.###.#
....#@###.#.....#.# #
#.......#.###.####
##..........[.....
####.#.#.###.####
#.#.#.# #.# .......
#.# ####.#..##.###
..........## ###
########.#.#.........


You could see Grinder.

Vanquished Creatures
  3 gnolls (D:4)
  An adder (D:3)
  A worm (D:2)
  A dart slug (D:2)
  6 endoplasms
  3 giant cockroaches
  3 goblins
  4 hobgoblins
  5 jackals (D:1)
  2 quokkas
  7 ball pythons
  3 bats
  A frilled lizard (D:3)
  6 kobolds
  6 rats
52 creatures vanquished.

Notes
Turn   | Place    | Note
-------+----------+-------------------------------------------
     0 | D:1      | Jase the Draconian Transmuter began the quest for the Orb.
     0 | D:1      | Reached XP level 1. HP: 16/16 MP: 3/3
   384 | D:1      | Found Sahetrera's Assorted Antiques.
   423 | D:1      | Reached XP level 2. HP: 23/23 MP: 3/5
   529 | D:1      | Found a faded altar of an unknown god.
   710 | D:1      | Learned a level 2 spell: Wereblood
   774 | D:1      | Found Viant's General Store.
   790 | D:1      | Found Cabla's Jewellery Shop.
  1179 | D:2      | Reached XP level 3. HP: 23/28 MP: 3/6
  1900 | D:3      | Learned a level 3 spell: Spider Form
  2157 | D:3      | Found a hide-covered altar of Uskayaw.
  2280 | D:3      | Found a glowing silver altar of Zin.
  2384 | D:3      | Identified the +1 ring mail "Ytty" {Rampage +Inv Slay-3}
  2593 | D:4      | Reached XP level 4. HP: 35/35 MP: 3/7
  2654 | D:4      | Noticed Grinder
  2655 | D:4      | Paralysed by Grinder for 2 turns
  2673 | D:4      | Slain by Grinder

Illustrated notes

Levels and vault maps discovered:
D:1:      nagdon_arrival_double_spiral, layout_loops_corners,
          hellmonk_ecumenical_altar_arch_garden, serial_shops,
          nicolae_shop_trees, shop, nicolae_shop_stone, wad_floor_pattern_1
D:2:      layout_basic
D:3:      layout_loops_ring, nicolae_uskayaw_dance_hall, zin_scriptorium,
          kennysheep_generic_room_11
D:4:      layout_basic, yredelemnul_forgotten_temple_becter,
          minmay_temple_entry_offerings, kennysheep_dice, uniq_grinder

Skill      XL: |  1  2  3  4 |
---------------+-------------+-----
Dodging        | 2 |  2.7
Transmutations | 3 |  3.0
Fighting       | |  1.1
Unarmed Combat | |  3.8
Spellcasting   | |  2.0
Poison Magic   | |  0.8

Action                   |  1- 3 |  4- 6 || total
-------------------------+-------+-------++-------
Melee: Unarmed           |   127 |    17 ||   144
       Kick              |    16 |     6 ||    22
       Headbutt          |    15 |     3 ||    18
       Tailslap          |    10 |     1 ||    11
       Punch             |     1 |     1 ||     2
 Cast: Beastly Appendage |    22 |     1 ||    23
       Wereblood         |     1 |       ||     1
 Stab: Sleeping          |     1 |       ||     1
Armor: Skin              |    21 |     3 ||    24
Dodge: Dodged            |    87 |     3 ||    90

Table legend: (Time is in decaauts)
 A = Elapsed time spent in this place.
 B = Non-inter-level travel time spent in this place.
 C = Inter-level travel time spent in this place.
 D = Time resting spent in this place.
 E = Time spent auto-exploring this place.
 F = Levels seen in this place.
 G = Mean time per level.
                   A        B        C        D        E       F      G
               +--------+--------+--------+--------+--------+-----+--------+
         Total |   2663 |   2620 |     43 |    111 |   2066 |   4 |  665.8 |
       Dungeon |   2663 |   2620 |     43 |    111 |   2066 |   4 |  665.8 |
               +--------+--------+--------+--------+--------+-----+--------+

Top non-repeatable levels by time:
     D:1: 1101 daAuts
     D:2: 748 daAuts
     D:3: 675 daAuts
     D:4: 137 daAuts
